 Dungeon Crawl Stone Soup version 0.28-a0-850-g09de17f5b5 (webtiles) character file.

Game seed: 13848357777165612649

6 marklar909 the Skirmisher (level 1, 0/19 HPs)
             Began as a Palentonga Fighter on Nov 14, 2021.
             Slain by Sigmund (7 damage)
             ... on level 2 of the Dungeon.
             The game lasted 00:00:22 (786 turns).

marklar909 the Skirmisher (Palentonga Fighter)       Turns: 786, Time: 00:00:23

Health: 0/19       AC:  6    Str: 19    XL:     1   Next: 75%
Magic:  1/1        EV:  7    Int:  8    God:
Gold:   6          SH:  4    Dex:  9    Spells: 0/0 levels left

rFire   . . .      SeeInvis +   a - +0 war axe
rCold   . . .      Faith    .   c - +0 buckler
rNeg    . . .      Spirit   .   b - +0 scale mail
rPois   .          Reflect  .   (no helmet)
rElec   .          Harm     .   (no cloak)
rCorr   .          Rampage  .   (no gloves)
Will    .....                   (no barding)
Stlth   ..........              (no amulet)
HPRegen 0.06/turn               (no ring)
MPRegen 0.07/turn               (no ring)

@: weak-willed
A: large, rugged brown scales 3, see invisible, deformed body, roll 1, armoured
tail
a: Rolling Charge


You were on level 2 of the Dungeon.
You visited 1 branch of the dungeon, and saw 2 of its levels.

You collected 6 gold pieces.

Inventory:

Hand Weapons
 a - a +0 war axe (weapon)
Armour
 b - a +0 scale mail (worn)
 c - a +0 buckler (worn)
Jewellery
 e - an amulet of faith
Scrolls
 g - a scroll of enchant weapon {unknown}
Potions
 d - a potion of might
 h - a potion of flight {unknown}
 i - a potion of curing {unknown}


   Skills:
 * Level 3.1 Fighting
 + Level 2.0 Axes
 * Level 2.5 Armour
 * Level 0.3 Dodging
 * Level 2.4 Shields


You couldn't memorise any spells.
You didn't know any spells.
Your spell library contained the following spells:

 Spells                   Type           Power      Damage    Failure   Level
 Beastly Appendage        Tmut           0%         N/A       78%         1


Dungeon Overview and Level Annotations

Branches:
Dungeon (2/15)

Altars:

Annotations:
D:2 Sigmund


Innate Abilities, Weirdness & Mutations

You are completely covered in rugged brown scales. (AC +3, +7% HP)
You have supernaturally acute eyesight. (SInv)
Armour fits poorly on your strangely shaped body.
You can roll at nearby foes to attack.
You have a long armoured tail.


Message History

You climb downwards.
The goblin shouts!
There is a stone staircase leading up here.
A goblin is nearby!
A goblin is nearby!
The goblin hits you with a +0 club.
A goblin is nearby!
You barely miss the goblin. The goblin hits you with a +0 club.
A goblin is nearby!
You slash the goblin!
You kill the goblin!
No target in view!
HP restored.
Key pressed, stopping explore.
No target in view!
Found a stone staircase leading down.
No target in view!
You open the door.
There is an open door here.
You open the door.
There is an open door here.
You open the door.
There is an open door here.
You open the door.
Found an escape hatch in the floor.
Sigmund the Dreaded comes into view.
He is wielding a +2 scythe of freezing and wearing a +0 robe of positive energy.
Sigmund shouts!
There is an open door here.
Sigmund is nearby!
Sigmund points at you and mumbles some strange words.
The magic dart hits you.
Sigmund is nearby!
You closely miss Sigmund.
Sigmund hits you with a +2 scythe of freezing!
Sigmund freezes you.
Unknown command.
As you read the scroll labelled ARIATO YMUHI, it crumbles to dust.
Magic quickly surges around you.
It was a scroll of vulnerability.
Sigmund hits you with a +2 scythe of freezing!
You die...

.....##.#. ..##.#
.#....#.##...##.###
......#.##........#
. #...#....>.#...>#
#.#...............#
......'########'..#
..##..#........#..#
# #...#.'####'.#..#
#.#.#.#....#.#@.#
#<..#.#.##.#.#@.#
#.#)#.#.##.#.#..#
#...#.#....#.#..#
###.#.+####+.#..#
..#.. ..#..# ..+#
#+..# ... ...# ..


You could see Sigmund (weak-willed).

Vanquished Creatures
  A bat (D:1)
  3 goblins
  A kobold (D:1)
  A rat (D:1)
6 creatures vanquished.

Notes
Turn   | Place    | Note
-------+----------+-------------------------------------------
     0 | D:1      | marklar909 the Palentonga Fighter began the quest for the
                  | Orb.
     0 | D:1      | Reached XP level 1. HP: 19/19 MP: 1/1
   384 | D:1      | Found a faded altar of an unknown god.
   391 | D:1      | Got Plato's Disquisition on Moulding
   781 | D:2      | Noticed Sigmund
   786 | D:2      | Slain by Sigmund

Illustrated notes

Levels and vault maps discovered:
D:1:      lightli_iron_boxes, layout_loops_cross,
          shapermc_ecumenical_altar_rom_forum
D:2:      layout_basic, basic_altar, minivault_11, grunt_decor_arrowhead,
          roderic_serpentine_path, uniq_sigmund

Action                   || total
-------------------------++-------
Melee: War axe           ||    14
  Use: Scroll            ||     1
Armor: Scale mail        ||     9
Dodge: Dodged            ||     3
Block: Buckler           ||     1

Table legend: (Time is in decaauts)
 A = Elapsed time spent in this place.
 B = Non-inter-level travel time spent in this place.
 C = Inter-level travel time spent in this place.
 D = Time resting spent in this place.
 E = Time spent auto-exploring this place.
 F = Levels seen in this place.
 G = Mean time per level.
                   A        B        C        D        E       F      G
               +--------+--------+--------+--------+--------+-----+--------+
         Total |    791 |    746 |     45 |      0 |    685 |   2 |  395.5 |
       Dungeon |    791 |    746 |     45 |      0 |    685 |   2 |  395.5 |
               +--------+--------+--------+--------+--------+-----+--------+

Top non-repeatable levels by time:
     D:1: 656 daAuts
     D:2: 135 daAuts
